 Dungeon Crawl Stone Soup version 0.26-a0-737-g4e9f4955e2 (webtiles) character file.

Game seed: 1139870975894333211

74 mhtbhm the Chopper (level 4, 0/41 HPs)
             Began as a Minotaur Berserker on Nov 4, 2020.
             Was a Follower of Trog.
             Slain by an orc wizard
             ... wielding a +1 antimagic dagger
              (1 damage)
             ... on level 3 of the Dungeon.
             The game lasted 00:02:05 (1732 turns).

mhtbhm the Chopper (Minotaur Berserker)             Turns: 1732, Time: 00:02:06

Health: 0/41       AC:  4    Str: 19 (22) XL:     4   Next: 10%
Magic:  0/3        EV: 12    Int:  2 (4)  God:    Trog [*.....]
Gold:   86         SH:  0    Dex:  7 (10) Spells: 3/3 levels left

rFire    . . .     SeeInvis .   a - +0 hand axe
rCold    . . .     Faith    .   (no shield)
rNeg     . . .     Spirit   .   b - +0 animal skin
rPois    .         Reflect  .   (helmet restricted)
rElec    .         Harm     .   c - +0 cloak
rCorr    .         Rampage  .   f - +0 pair of gloves
MR       .....                  (no boots)
Stlth    +.........             n - amulet of inaccuracy (curse)
HPRegen  0.13/turn              (no ring)
MPRegen  0.08/turn              (no ring)

@: mighty, berserk cooldown, slowed, very slow
A: retaliatory headbutt, horns 2
a: Berserk, Renounce Religion


You were on level 3 of the Dungeon.
You worshipped Trog.
Trog was aware of your devotion.
You visited 1 branch of the dungeon, and saw 3 of its levels.

You collected 86 gold pieces.

Inventory:

Hand Weapons
 a - a +0 hand axe (weapon)
Missiles
 m - 14 poisoned darts (quivered)
Armour
 b - a +0 animal skin (worn)
 c - a +0 cloak (worn)
 f - a +0 pair of gloves (worn)
Jewellery
 h - an uncursed ring of ice
 n - a cursed amulet of inaccuracy (around neck)
Scrolls
 d - a scroll of magic mapping
 e - a scroll of identify
 i - a scroll of enchant weapon
Potions
 g - a potion of brilliance
 j - 3 potions of flight
 l - a potion of might
 o - a potion of cancellation


   Skills:
 + Level 4.5 Fighting
 + Level 4.6 Axes
 + Level 2.7 Armour
 + Level 2.9 Dodging
 + Level 0.1 Stealth


You had 3 spell levels left.
You didn't know any spells.
Your spell library was empty.

Dungeon Overview and Level Annotations

Branches:
Dungeon (3/15)

Altars:


Innate Abilities, Weirdness & Mutations

You reflexively headbutt those who attack you in melee.
You have a pair of horns on your head.


Message History

You hear some strange, mumbled words.
A magic dart appears from out of thin air!
The magic dart hits you!
* * * LOW HITPOINT WARNING * * *
You closely miss something. Something hits you.
* * * LOW HITPOINT WARNING * * *
Something barely misses you.
You miss something. Your headbutt misses something.
Something barely misses you.
Unknown command.
It was a potion of might.
You feel very mighty all of a sudden.
Something hits you but does no damage. x2
It was a potion of degeneration.
There was something very wrong with that liquid.
You feel weakened.
You feel dopey.
You feel clumsy. Something hits you.
* * * LOW HITPOINT WARNING * * *
You barely miss something. Something hits you.
You die... #.#.# .#.# ...# #..# #..# oo#

#{# #@# ########
###'####......#
#......#.####.#####
#......#.# #.#...#
#......#.# #.#.#.#
#......#.####.#.#.#
#......#.#..#.#.#.##
#......#.#..#.#.....
#......#.#..#.###.#.


You could see 2 orcs.

Vanquished Creatures
  An adder (D:3)
  An ooze (D:1)
  4 worms (D:2)
  5 dart slugs (D:2)
  2 leopard geckos (D:2)
  2 orcs (D:3)
  4 bats
  2 giant cockroaches
  2 goblins
  2 hobgoblins
  2 jackals (D:2)
  4 frilled lizards
  4 kobolds (D:1)
  2 rats
37 creatures vanquished.

Notes
Turn   | Place    | Note
-------+----------+-------------------------------------------
     0 | D:1      | mhtbhm the Minotaur Berserker began the quest for the Orb.
     0 | D:1      | Reached XP level 1. HP: 19/19 MP: 0/0
   141 | D:1      | Reached XP level 2. HP: 27/27 MP: 1/1
   764 | D:2      | Reached XP level 3. HP: 25/33 MP: 2/2
  1480 | D:3      | Reached XP level 4. HP: 34/41 MP: 3/3
  1483 | D:3      | Reached ** piety under Trog
  1728 | D:3      | HP: 2/41 [something (2)]
  1732 | D:3      | Slain by an orc wizard

Illustrated notes

Levels and vault maps discovered:
D:1:      lemuel_arrival_muddy, layout_basic
D:2:      layout_rooms, kennysheep_generic_room_10
D:3:      layout_basic, marbit_many_paths, gammafunk_ghost_mausoleum

Skill      XL: |  1  2 |
---------------+-------+-----
Axes           | 4 |  4.6
Fighting       | 4 |  4.5
Armour         | |  2.7
Dodging        | |  2.9
Stealth        | |  0.1

Action                   |  1- 3 |  4- 6 || total
-------------------------+-------+-------++-------
Melee: Hand axe          |    60 |    27 ||    87
       Headbutt          |    10 |     2 ||    12
Invok: Berserk           |       |     1 ||     1
  Use: Scroll            |     7 |     1 ||     8
       Potion            |       |     2 ||     2
Armor: Animal skin       |    17 |     5 ||    22
Dodge: Dodged            |    46 |    13 ||    59

Table legend: (Time is in decaauts)
 A = Elapsed time spent in this place.
 B = Non-inter-level travel time spent in this place.
 C = Inter-level travel time spent in this place.
 D = Time resting spent in this place.
 E = Time spent auto-exploring this place.
 F = Levels seen in this place.
 G = Mean time per level.
                   A        B        C        D        E       F      G
               +--------+--------+--------+--------+--------+-----+--------+
         Total |   1740 |   1740 |      0 |    300 |   1107 |   3 |  580.0 |
       Dungeon |   1740 |   1740 |      0 |    300 |   1107 |   3 |  580.0 |
               +--------+--------+--------+--------+--------+-----+--------+

Top non-repeatable levels by time:
     D:2: 915 daAuts
     D:1: 564 daAuts
     D:3: 260 daAuts
